 Dungeon Crawl Stone Soup version 0.26-a0-1213-gd52f5182fe (webtiles) character file.

Game seed: 11883134547748240542

1355 tilp the Skirmisher (level 8, -4/82 (83) HPs)
             Began as an Ogre Abyssal Knight on Dec 30, 2020.
             Was a Priest of Lugonu.
             Asphyxiated
             ... on level 6 of the Dungeon.
             The game lasted 00:09:58 (9846 turns).

tilp the Skirmisher (Ogre Abyssal Knight)           Turns: 9846, Time: 00:09:59

HP:   -4/82 (83)    AC:  3    Str: 17    XL:     8   Next: 63%
MP:   0/12          EV: 10    Int: 15    God:    Lugonu [***...]
Gold: 125           SH:  0    Dex:  8    Spells: 7/7 levels left

rFire    . . .     SeeInvis .   b - +1 flail
rCold    . . .     Faith    .   (no shield)
rNeg     . . .     Spirit   +   y - +0 robe
rPois    .         Reflect  .   z - +0 hat
rElec    .         Harm     .   (no cloak)
rCorr    .         Rampage  .   (gloves unavailable)
Will     .....                  (boots unavailable)
Stlth    +.........             r - amulet of guardian spirit
HPRegen  0.23/turn              (no ring)
MPRegen  0.13/turn              (no ring)

@: lethally poisoned (-4 -> -9), slowed, lightly drained, very slow
A: large, unfitting armour, tough skin 1
a: Renounce Religion, Depart the Abyss, Bend Space, Banish


You were on level 6 of the Dungeon.
You worshipped Lugonu.
Lugonu was most pleased with you.
You visited 1 branch of the dungeon, and saw 6 of its levels.
You visited the Abyss 1 time.

You collected 355 gold pieces.
You spent 230 gold pieces at shops.

Inventory:

Hand Weapons
 a - a +1 mace
 b - a +1 flail (weapon)
 o - a cursed +0 hand axe
 A - a +2 mace of draining
 I - a +0 giant club
Missiles
 j - 148 stones (quivered)
 u - 8 boomerangs
 w - 8 poisoned darts
 H - 5 javelins
Armour
 y - a +0 robe (worn)
 z - a +0 hat (worn)
Jewellery
 p - an uncursed amulet of magic regeneration
 r - an amulet of guardian spirit (around neck)
 v - a cursed ring of attention {unknown}
 B - a +4 ring of protection {unknown}
 D - an uncursed ring of magical power {unknown}
 J - a +6 ring of dexterity {unknown}
Wands
 i - a wand of iceblast (13)
Scrolls
 e - 2 scrolls of enchant weapon
 f - 4 scrolls of identify
 h - a scroll of random uselessness {unknown}
 q - a scroll of immolation {unknown}
 x - a scroll of teleportation {unknown}
 C - a scroll of fear {unknown}
 F - a scroll of brand weapon {unknown}
 G - 2 scrolls of blinking
Potions
 c - a potion of might {unknown}
 d - 3 potions of heal wounds
 g - 2 potions of attraction
 k - a potion of haste {unknown}
 l - a potion of ambrosia {unknown}
 m - a potion of curing
 n - a potion of berserk rage {unknown}
 s - a potion of mutation {unknown}
 t - 2 potions of resistance
 E - a potion of flight {unknown}


   Skills:
 + Level 6.0 Fighting
 + Level 6.0 Maces & Flails
 + Level 2.2 Dodging
 - Level 6.0 Invocations
 - Level 4.0 Evocations


You had 7 spell levels left.
You didn't know any spells.
Your spell library contained the following spells:

 Spells                   Type           Power        Failure   Level
 Confusing Touch          Hex            0%           63%         3
 Gell's Gravitas          Tloc           0%           63%         3
 Petrify                  Tmut/Erth      0%           95%         4
 Metabolic Englaciation   Hex/Ice        0%           100%        5
 Yara's Violent Unravell  Hex/Tmut       0%           100%        5


Dungeon Overview and Level Annotations

Branches:
Dungeon (6/15)             Temple (0/1) D:5

Altars:
Elyvilon
Fedhas
Hepliaklqana
Kikubaaqudgha
Vehumet
Xom
Yredelemnul

Shops:
D:5 [:*

Annotations:
D:4 1 runed translucent door, Crazy Yiuf


Innate Abilities, Weirdness & Mutations

You are too large for most types of armour.
You have tough skin. (AC +1)


Message History

* * * LOW HITPOINT WARNING * * *
Something hits you.
* * * LOW HITPOINT WARNING * * *
Something shocks you.
* * * LOW HITPOINT WARNING * * *
The wight throws a stone.
The stone hits you.
* * * LOW HITPOINT WARNING * * *
Unknown command.
* * * LOW HITPOINT WARNING * * *
You feel sick. The wight completely misses you.
Something hits you but does no damage.
Unknown command.
You feel better. The wight barely misses you. Something hits you.
* * * LOW HITPOINT WARNING * * *
Something shocks you.
* * * LOW HITPOINT WARNING * * *
The wight throws a curare-tipped dart.
The curare-tipped dart hits you.
You are lethally poisoned!
You have difficulty breathing.
You die...

#..####z# #####
#######.....#.# # ....#
#...........#.##.# ....#
#...........#z...# ....#
#...........#z####.. ....#
#........zzz(.......#
....####.........z##.....#.#
........########(###.....#
....###.# #@# #.)...#
...[....# #.# ....###
........## #(##.....
.........# #..#....z.
....###..########.#.......
....# #(..((.)..#.....zzz
....# ##(######.#..#.#?..
....# #.# #.#..# # ....#
#.######.#...


You could see 4 wights.

Vanquished Creatures
  A black bear (D:6)
  A sky beast (D:5)
  2 ogres (D:5)
  3 centaurs
  A big kobold (D:6)
  A scorpion (D:5)
  2 howler monkeys
  2 hounds
  A jelly (D:5)
  3 orc wizards
  A centaur skeleton (D:2)
  A gnoll shaman (D:5)
  A bullfrog skeleton (D:5)
  2 worker ants (D:4)
  A killer bee zombie (D:5)
  A hound skeleton (D:4)
  A worker ant zombie (D:5)
  7 gnolls
  3 adders
  A white imp (D:5)
  An adder zombie (D:5)
  A worm (D:2)
  A dart slug (D:2)
  2 leopard geckos (D:3)
  20 orcs
  10 bats
  3 giant cockroaches
  11 goblins
  10 hobgoblins
  7 jackals
  12 kobolds
  A quokka (D:3)
  2 ball pythons
  6 frilled lizards
  A giant cockroach zombie (D:5)
  6 rats
130 creatures vanquished.

Notes
Turn   | Place    | Note
-------+----------+-------------------------------------------
     0 | Abyss:1  | tilp the Ogre Abyssal Knight began the quest for the Orb.
     0 | Abyss:1  | Reached XP level 1. HP: 24/24 MP: 2/2
    14 | Abyss:1  | Found a roughly hewn altar of Beogh.
    29 | Abyss:1  | Noticed a large abomination
    31 | Abyss:1  | Noticed a large abomination
    32 | Abyss:1  | Noticed a large abomination
    33 | D:1      | Escaped the Abyss
   245 | D:1      | Reached XP level 2. HP: 31/32 MP: 3/3
   363 | D:1      | Reached * piety under Lugonu
  1289 | D:2      | Reached XP level 3. HP: 32/39 MP: 4/4
  1821 | D:2      | Reached XP level 4. HP: 23/48 MP: 5/5
  2267 | D:3      | Found a radiant altar of Vehumet.
  2480 | D:3      | HP: 1/48 [orc wizard/+0 dagger (2)]
  2483 | D:3      | Reached XP level 5. HP: 17/54 MP: 5/7
  2700 | D:3      | Reached ** piety under Lugonu
  4787 | D:4      | Reached XP level 6. HP: 41/62 MP: 3/8
  5044 | D:4      | Found a runed translucent door.
  5045 | D:4      | Noticed Crazy Yiuf
  5230 | D:4      | Found a white marble altar of Elyvilon.
  5230 | D:4      | Found a hazy altar of Hepliaklqana.
  5231 | D:4      | Found a blossoming altar of Fedhas.
  5785 | D:4      | Reached skill level 5 in Maces & Flails
  6176 | D:5      | Entered Level 5 of the Dungeon
  6551 | D:5      | Found a basalt altar of Yredelemnul.
  6554 | D:5      | Found Fuefuh's Assorted Antiques.
  6567 | D:5      | Bought a potion of heal wounds for 115 gold pieces
  6567 | D:5      | Bought a potion of heal wounds for 115 gold pieces
  6592 | D:5      | Reached skill level 5 in Fighting
  6626 | D:5      | Found a staircase to the Ecumenical Temple.
  6660 | D:5      | Reached XP level 7. HP: 64/72 MP: 10/10
  6771 | D:5      | Found Xitex's Book Shoppe.
  6778 | D:5      | Found Umuor's Armour Shoppe.
  7770 | D:5      | Reached skill level 1 in Evocations
  7945 | D:5      | Reached *** piety under Lugonu
  8202 | D:5      | Reached skill level 5 in Invocations
  8202 | D:5      | Reached XP level 8. HP: 57/83 MP: 7/11
  8492 | D:5      | Found a shimmering altar of Xom.
  8493 | D:5      | Found an ancient bone altar of Kikubaaqudgha.
  9843 | D:6      | HP: 1/82 [wight/+4 trident (5)]
  9846 | D:6      | Asphyxiated

Illustrated notes

Levels and vault maps discovered:
D:1:      giann_wishing_wells, layout_basic, minmay_unequal
D:2:      layout_rooms, kennysheep_generic_room_14
D:3:      layout_basic, lemuel_doored_altar
D:4:      layout_gridville, gammafunk_temple_overflow_claw,
          uniq_crazy_yiuf_cottage
D:5:      minmay_razor_zed, layout_loops_ring, minitemple,
          minmay_temple_entry_glass, serial_shops, shop, kennysheep_mini_moat,
          shop, yredelemnul_altar_generic
D:6:      layout_basic

Skill      XL: |  1  2  3  4  5  6  7  8 |
---------------+-------------------------+-----
Maces & Flails | 2 3 4 5 6 |  6.0
Invocations    | 3 4 5 6 |  6.0
Fighting       | 5 6 |  6.0
Evocations     | 2 4 |  4.0
Dodging        | |  2.2

Action                   |  1- 3 |  4- 6 |  7- 9 || total
-------------------------+-------+-------+-------++-------
Melee: Mace              |   107 |    97 |       ||   204
       Flail             |       |   103 |   184 ||   287
Throw: Stone             |     3 |     7 |     1 ||    11
       Dart              |       |    11 |    21 ||    32
Invok: Depart the Abyss  |     1 |       |       ||     1
  Use: Potion            |       |     1 |     3 ||     4
       Scroll            |       |     4 |     3 ||     7
 Stab: Sleeping          |     1 |       |       ||     1
Armor: Robe              |    43 |    45 |    30 ||   118
Dodge: Dodged            |    82 |   127 |    84 ||   293

Table legend: (Time is in decaauts)
 A = Elapsed time spent in this place.
 B = Non-inter-level travel time spent in this place.
 C = Inter-level travel time spent in this place.
 D = Time resting spent in this place.
 E = Time spent auto-exploring this place.
 F = Levels seen in this place.
 G = Mean time per level.
                   A        B        C        D        E       F      G
               +--------+--------+--------+--------+--------+-----+--------+
         Total |   9937 |   9773 |    164 |   3989 |   4623 |   7 | 1419.6 |
       Dungeon |   9904 |   9740 |    164 |   3989 |   4601 |   6 | 1650.7 |
         Abyss |     33 |     33 |      0 |      0 |     22 |   1 |   33.0 |
               +--------+--------+--------+--------+--------+-----+--------+

Top non-repeatable levels by time:
     D:5: 2573 daAuts
     D:2: 1927 daAuts
     D:3: 1848 daAuts
     D:4: 1511 daAuts
     D:6: 1125 daAuts
     D:1: 917 daAuts
 Abyss:1: 33 daAuts
